 Dungeon Crawl Stone Soup version 0.31-a0-986-g5e6e4ef867 (webtiles) character file.

Game seed: 4714383600281792060

560 mattiecakes the Cudgeller (level 7, -4/41 HPs)
             Began as a Gargoyle Fighter on Nov 9, 2023.
             Was an Initiate of Nemelex Xobeh.
             Slain by an ogre
             ... wielding a +0 giant club
              (21 damage)
             ... on level 5 of the Dungeon.
             The game lasted 00:06:25 (3245 turns).

mattiecakes the Cudgeller (Gargoyle Fighter)        Turns: 3245, Time: 00:06:25

Health: -4/41      AC: 16    Str: 22    XL:     7   Next: 31%
Magic:  8/8        EV:  8    Int:  8    God:    Nemelex Xobeh [......]
Gold:   165        SH:  4    Dex:  9    Spells: 6/6 levels left

rFire   . . .        a - +0 flail
rCold   + . .        c - +0 buckler
rNeg    + . .        i - +0 chain mail
rPois   ∞            (no helmet)
rElec   +            w - scarf {+Inv}
rCorr   .            r - +1 pair of gloves
SInv    .            (no boots)
Will    .....        (no amulet) Stlth
                     m - ring of protection from cold
HPRegen 0.26/turn    (no ring)
MPRegen 0.11/turn

%: no passive effects
@: no status effects
A: sickness immunity, AC +4, negative energy resistance 1, electricity
resistance, torment resistance 1, petrification resistance
a: Renounce Religion, Evoke Invisibility, Draw Escape, Draw Destruction, Draw
Summoning


You were on level 5 of the Dungeon.
You worshipped Nemelex Xobeh.
Nemelex Xobeh was noncommittal.
You visited 2 branches of the dungeon, and saw 6 of its levels.

You collected 165 gold pieces.

Inventory:

Hand Weapons
 a - a +0 flail (weapon)
Armour
 c - a +0 buckler (worn)
 i - a +0 chain mail (worn)
 r - a +1 pair of gloves (worn)
 w - a scarf of invisibility (worn)
Jewellery
 h - a +6 ring of dexterity
 l - an amulet of magic regeneration
 m - a ring of protection from cold (left hand)
Wands
 d - a wand of flame (28)
 s - a wand of charming (2)
Scrolls
 f - a scroll of torment {unknown}
 n - 2 scrolls of enchant armour
 o - a scroll of amnesia {unknown}
 t - 2 scrolls of noise {unknown}
 u - a scroll of butterflies {unknown}
 v - a scroll of silence {unknown}
 x - 2 scrolls of identify
Potions
 b - 2 potions of curing {unknown}
 e - a potion of invisibility {unknown}
 g - 3 potions of lignification
 j - a potion of cancellation {unknown}
 k - 2 potions of degeneration {unknown}
 p - 2 potions of ambrosia {unknown}
 q - a potion of magic {unknown}


   Skills:
 - Level 3.4 Fighting
 - Level 6.9 Maces & Flails
 - Level 3.5 Armour
 - Level 3.5 Shields
 + Level 2.1 Invocations
 + Level 1.5 Evocations


You had 6 spell levels left.
You didn't know any spells.
Your spell library contained the following spells:

 Spells                   Type           Power      Damage    Failure   Level
 Magic Dart               Conj           0%         1d3       98%         1
 Lesser Beckoning         Tloc           0%         N/A       99%         2
 Searing Ray              Conj           0%         2d4       99%         2
 Gell's Gravitas          Tloc           0%         N/A       100%        3
 Teleport Other           Tloc           0%         N/A       100%        3
 Fulminant Prism          Conj/Hex       0%         3d5       100%        4
 Conjure Ball Lightning   Conj/Air       0%         3x3d6     100%        6
 Discord                  Hex            0%         N/A       100%        8
 Disjunction              Tloc           0%         N/A       100%        8


Dungeon Overview and Level Annotations

Branches:
Dungeon (5/15)             Temple (1/1) D:4

Altars:
Ashenzari
Cheibriados
Dithmenos
Elyvilon
Hepliaklqana
Kikubaaqudgha
Makhleb
Nemelex Xobeh
Okawaru
Qazlal
Sif Muna
Uskayaw
Vehumet
Wu Jian
Yredelemnul
Zin
The Shining One


Innate Abilities, Weirdness & Mutations

You are immune to sickness and miasma.
Your stone body is resilient. (AC +4)
You are immune to poison.
You resist negative energy. (rN+)
You are resistant to electric shocks. (rElec)
You are resistant to unholy torment.
You are immune to petrification.


Message History

The ufetubus barely misses you.
The ufetubus hits you but does no damage.
You thump the ufetubus!
You kill the ufetubus!
The shadow imp hits you but does no damage.
You sock the shadow imp!
You kill the shadow imp!
The ogre barely misses you.
You barely miss the ogre. The ogre barely misses you.
You hit the ogre.
The ogre is lightly wounded.
You sock the ogre!
The ogre is heavily wounded.
The ogre completely misses you.
You hit the ogre but do no damage.
The ogre is heavily wounded.
The ogre hits you with a +0 giant club!!
Ouch! That really hurt!
You are too injured to fight recklessly!
You are too injured to fight recklessly!
You are too injured to fight recklessly!
You are too injured to fight recklessly!
You are too injured to fight recklessly!
You are too injured to fight recklessly!
You are too injured to fight recklessly!
You are too injured to fight recklessly!
You are too injured to fight recklessly!
You are too injured to fight recklessly!
You are too injured to fight recklessly!
You are too injured to fight recklessly!
You are too injured to fight recklessly!
Unknown command.
You hit the ogre but do no damage.
The ogre is heavily wounded.
You hit the ogre.
The ogre is heavily wounded.
The ogre hits you with a +0 giant club!!
Ouch! That really hurt!
You die...
Your body disappears without a glow.

.....#.....#
######.....#
#.##### #.#
#.# #.# #.#
#.######
#@.....#
#O##.....
#.# #.#. ...
.< ... #....
##.## #.#


You could see an ogre.

Vanquished Creatures
  Grinder (D:3)
  An ogre (D:4)
  An orc priest (D:4)
  A jelly (D:4)
  Jessica (D:2)
  Terence (D:2)
  An orc wizard (D:3)
  5 adders
  A shadow imp (D:5)
  A white imp (D:4)
  2 ufetubi (D:5)
  A worm (D:2)
  2 dart slugs (D:2)
  5 orcs
  7 ball pythons
  8 bats
  4 endoplasms
  5 giant cockroaches
  5 goblins
  6 hobgoblins
  7 jackals
  A quokka (D:2)
  5 frilled lizards
  4 kobolds
  2 rats
78 creatures vanquished.

Notes
Turn   | Place    | Note
-------+----------+-------------------------------------------
     0 | D:1      | mattiecakes the Gargoyle Fighter began the quest for the
                  | Orb.
     0 | D:1      | Reached XP level 1. HP: 14/14 MP: 1/1
   219 | D:1      | Reached XP level 2. HP: 19/19 MP: 2/2
   423 | D:1      | Reached skill level 3 in Maces & Flails
   659 | D:2      | Reached XP level 3. HP: 23/23 MP: 3/3
   702 | D:2      | Noticed Terence
   715 | D:2      | Killed Terence
   716 | D:2      | Reached skill level 4 in Maces & Flails
   813 | D:2      | Reached XP level 4. HP: 27/28 MP: 4/4
   859 | D:2      | Found a stormy altar of Qazlal.
  1164 | D:2      | Found a faded altar of an unknown god.
  1335 | D:3      | Noticed Jessica
  1351 | D:2      | Killed Jessica
  1352 | D:2      | Reached skill level 5 in Maces & Flails
  1478 | D:3      | Reached XP level 5. HP: 32/32 MP: 5/5
  1703 | D:3      | Noticed Grinder
  1707 | D:3      | Paralysed by Grinder for 5 turns
  1969 | D:3      | Paralysed by Grinder for 3 turns
  1974 | D:3      | Killed Grinder
  1975 | D:3      | Reached skill level 6 in Maces & Flails
  1975 | D:3      | Reached XP level 6. HP: 19/37 MP: 6/6
  2348 | D:4      | Found a staircase to the Ecumenical Temple.
  2396 | Temple   | Found a transporter.
  2396 | Temple   | Found a transporter.
  2396 | Temple   | Found a transporter.
  2396 | Temple   | Found a transporter.
  2396 | Temple   | Entered the Ecumenical Temple
  2411 | Temple   | Became a worshipper of Nemelex Xobeh the Trickster
  2609 | D:4      | Reached skill level 1 in Invocations
  2609 | D:4      | Reached skill level 1 in Evocations
  2609 | D:4      | Reached XP level 7. HP: 34/41 MP: 6/8
  3177 | D:5      | Entered Level 5 of the Dungeon
  3245 | D:5      | Slain by an ogre

Illustrated notes

Levels and vault maps discovered:
D:1:      wander_arrival_estate, layout_loops_cross, reono_crystal_passage,
          minmay_misc_feat_encased, minmay_close_crescents
D:2:      layout_loops_cross, ebering_ecumenical_altar_mist, basic_altar,
          uniq_terence
D:3:      layout_basic, uniq_jessica, uniq_grinder
D:4:      layout_cave_pods, minmay_temple_entry_stoned_glass
D:5:      layout_loops_corners, kennysheep_pointless_box
Temple:   hellmonk_temple_divided_pantheon

Skill      XL: |  1  2  3  4  5  6  7 |
---------------+----------------------+-----
Maces & Flails | 3 4 5 6 |  6.9
Invocations    | 1 2 |  2.1
Evocations     | 1 |  1.5
Fighting       | |  3.4
Armour         | |  3.5
Shields        | |  3.5

Action                     |  1- 3 |  4- 6 |  7- 9 || total
---------------------------+-------+-------+-------++-------
  Melee: Flail             |    92 |   129 |    51 ||   272
    Use: Scroll            |       |     5 |       ||     5
         Potion            |       |     1 |       ||     1
 Armour: Scale mail        |    67 |       |       ||    67
         Chain mail        |    41 |   130 |    46 ||   217
  Dodge: Dodged            |    70 |    52 |    30 ||   152
  Block: Buckler           |    34 |    22 |    13 ||    69

Table legend: (Time is in decaauts)
 A = Elapsed time spent in this place.
 B = Non-inter-level travel time spent in this place.
 C = Inter-level travel time spent in this place.
 D = Time resting spent in this place.
 E = Time spent auto-exploring this place.
 F = Levels seen in this place.
 G = Mean time per level.
                   A        B        C        D        E       F      G
               +--------+--------+--------+--------+--------+-----+--------+
         Total |   3297 |   3163 |    134 |     87 |   2368 |   6 |  549.5 |
       Dungeon |   3268 |   3142 |    126 |     87 |   2368 |   5 |  653.6 |
        Temple |     28 |     20 |      8 |      0 |      0 |   1 |   28.0 |
               +--------+--------+--------+--------+--------+-----+--------+

Top non-repeatable levels by time:
     D:3: 922 daAuts
     D:4: 892 daAuts
     D:2: 737 daAuts
     D:1: 647 daAuts
     D:5: 69 daAuts
  Temple: 28 daAuts
